 Dungeon Crawl Stone Soup version 0.31-a0-1412-g7b7c7d10e1 (webtiles) character file.

Game seed: 3350415213667135424

564472 Amplified the Victor of a Thousand Battles (level 25, -3/214 HPs)
             Began as a Demonspawn Monk on Dec 25, 2023.
             Was the Champion of Okawaru.
             Slain by a titan (35 damage)
             ... on level 5 of the Vaults on Dec 26, 2023.
             The game lasted 02:01:51 (54292 turns).

Amplified the Victor of a Thousand Battles (DsMo)  Turns: 54292, Time: 02:01:52

Health: -3/214     AC: 33    Str: 24      XL:     25   Next: 65%
Magic:  39/39      EV: 25    Int: 12      God:    Okawaru [******]
Gold:   2679       SH: 18    Dex: 19 (20) Spells: 17/24 levels left

rFire   + + +        K - +9 demon whip (venom)
rCold   . . .        h - +2 kite shield
rNeg    + + .        I - +5 faerie dragon scales {rPois rCorr}
rPois   +            (helmet unavailable)
rElec   +            q - +2 cloak {rF+}
rCorr   +            S - +2 pair of gloves {Str+3}
SInv    +            U - +1 pair of boots of the Salamander {Regen+}
Will    +++++        T - amulet of the Four Winds {rN+ Will+++ Clar}
Stlth   +++          W - ring of Sif Muna, Crafting {rPois rN+ Dex+3 SInv}
HPRegen 1.35/turn    m - ring of Muatok {rF++ Will+}
MPRegen 0.26/turn

%: clarity
@: about to teleport, heroic, finesse-ful
A: horns 3, slimy green scales 3, (demonic guardian 3), spiny 3, augmentation 2,
see invisible, clarity, deterioration 1, electricity resistance
}: 2/15 runes: barnacled, gossamer
a: Renounce Religion, Heroism, Finesse, Duel


You were on level 5 of the Vaults.
You worshipped Okawaru.
Okawaru was exalted by your worship.
You visited 10 branches of the dungeon, and saw 46 of its levels.
You also visited: Trove, Sewer, Ossuary, Ice Cave and Desolation.

You collected 6780 gold pieces.
You spent 4101 gold pieces at shops.

Inventory:

Hand Weapons
 l - a +8 broad axe of freezing
 K - a +9 demon whip of venom (weapon)
Missiles
 c - 31 silver javelins
 z - 2 curare-tipped darts
 F - 6 throwing nets
Armour
 a - a +2 cloak of preservation
 f - the +2 chain mail of Lujecaehuu {^Contam rC+ Str+8}
   (You bought it in a shop on level 2 of the Orcish Mines)

   Str+8:     It affects your strength (+8).
   rC+:       It protects you from cold.
   ^Contam:   It causes magical contamination when unequipped.
 h - a +2 kite shield (worn)
 q - a +2 cloak of fire resistance (worn)
 H - the +9 plate armour of Modesty {rN+}
   (You found it on level 2 of the Shoals)

   rN+:       It protects you from negative energy.
 I - the +5 faerie dragon scales (worn) {rPois rCorr}
   (You took it off the Enchantress on level 3 of the Depths)

   rPois:     It protects you from poison rCorr: It protects you from acid and
   corrosion.
 S - a +2 pair of gloves of strength (worn)
 U - the +1 pair of boots of the Salamander (worn) {Regen+}
   (You found it on level 3 of the Lair of Beasts)

   Regen+:    It increases your rate of health regeneration.
 Y - the +2 pair of boots of the Barracuda {Dex+4}
   (Okawaru gifted it to you on level 4 of the Spider Nest)

   Dex+4:     It affects your dexterity (+4).
Jewellery
 m - the ring of Muatok (right hand) {rF++ Will+}
   (You found it on level 13 of the Dungeon)

   [ring of willpower]

   rF++:      It greatly protects you from fire.
   Will+:     It increases your willpower.
 t - the ring "Xiseotur" {Fly rN+ SInv}
   (You found it on level 3 of the Crypt)

   [ring of positive energy]

   rN+:       It protects you from negative energy.
   SInv:      It lets you see invisible.
   Fly:       It grants you flight.
 P - a ring of resist corrosion
 T - the amulet of the Four Winds (around neck) {rN+ Will+++ Clar}
   (You bought it in a shop on level 2 of the Elven Halls)

   [amulet of nothing]

   rN+:       It protects you from negative energy.
   Will+++:   It greatly increases your willpower.
   Clar:      It protects you from confusion, rage, mesmerisation and fear.
 W - the ring of Sif Muna, Crafting (left hand) {rPois rN+ Dex+3 SInv}
   (You found it on level 4 of the Spider Nest)

   [ring of see invisible]

   Dex+3:     It affects your dexterity (+3).
   rPois:     It protects you from poison rN+: It protects you from negative
   energy.
   SInv:      It lets you see invisible.
Wands
 k - a wand of iceblast (27)
 x - a wand of flame (23)
 y - a wand of mindburst (35)
 E - a wand of digging (4)
 L - a wand of acid (31)
 N - a wand of polymorph (6)
Scrolls
 d - 4 scrolls of torment
 e - 9 scrolls of fear
 j - 6 scrolls of revelation
 n - 3 scrolls of enchant armour
 o - 5 scrolls of poison
 r - 3 scrolls of brand weapon
 v - 9 scrolls of immolation
 J - 5 scrolls of amnesia
 R - 11 scrolls of teleportation
Potions
 b - 6 potions of lignification
 g - 3 potions of cancellation
 i - 4 potions of enlightenment
 p - 4 potions of magic
 w - 2 potions of might
 A - 19 potions of curing
 C - 2 potions of berserk rage
 D - 5 potions of invisibility
 G - 6 potions of brilliance
 M - 5 potions of haste
 V - a potion of mutation
 X - 9 potions of ambrosia
Miscellaneous
 O - a tin of tremorstones (2/2)
 Z - a lightning rod (4/4)


   Skills:
 - Level 21.1(26.1) Fighting
 - Level 12.7(19.6) Axes
 - Level 12.0(19.3) Maces & Flails
 * Level 12.5(17.5) Throwing
 * Level 20.0(25.0) Armour
 * Level 15.6(20.6) Dodging
 - Level 15.2(20.2) Shields
 - Level 24.1 Invocations


You had 17 spell levels left.
You knew the following spells:

 Your Spells              Type           Power      Damage    Failure   Level
a - Apportation           Tloc           0%         N/A       41%         1
b - Sting                 Conj/Alch      0%         1d3       41%         1
c - Frozen Ramparts       Ice            0%         1d1       80%         3
d - Ensorcelled Hibernat  Hex/Ice        0%         N/A       56%         2

Your spell library contained the following spells:

 Spells                   Type           Power      Damage    Failure   Level
 Freeze                   Ice            0%         1d3       41%         1
 Magic Dart               Conj           0%         1d3       41%         1
 Necrotise                Necr           0%         1d4       41%         1
 Sandblast                Erth           0%         2d4       41%         1
 Shock                    Conj/Air       0%         1d3       41%         1
 Slow                     Hex            0%         N/A       41%         1
 Blink                    Tloc           0%         N/A       56%         2
 Cigotuvi's Dreadful Rot  Necr/Alch/Air  0%         N/A       56%         2
 Jinxbite                 Hex            0%         N/A       56%         2
 Lesser Beckoning         Tloc           0%         N/A       56%         2
 Mercury Vapours          Alch/Air       0%         N/A       56%         2
 Momentum Strike          Conj/Tloc      0%         3d8       56%         2
 Passwall                 Alch/Erth      0%         N/A       56%         2
 Searing Ray              Conj           0%         2d4       56%         2
 Confusing Touch          Hex            0%         N/A       80%         3
 Gell's Gravitas          Tloc           0%         N/A       80%         3
 Hailstorm                Conj/Ice       0%         3d5       80%         3
 Inner Flame              Hex/Fire       0%         N/A       80%         3
 Mephitic Cloud           Conj/Alch/Air  0%         N/A       80%         3
 Sigil of Binding         Hex            0%         N/A       80%         3
 Stone Arrow              Conj/Erth      0%         3d7       80%         3
 Swiftness                Air            0%         N/A       80%         3
 Teleport Other           Tloc           0%         N/A       80%         3
 Vampiric Draining        Necr           0%         2d6       80%         3
 Volatile Blastmotes      Fire/Tloc      0%         2d10      80%         3
 Anguish                  Hex/Necr       0%         N/A       99%         4
 Brom's Barrelling Bould  Conj/Erth      0%         2d3       99%         4
 Dimensional Bullseye     Hex/Tloc       0%         N/A       99%         4
 Dispel Undead            Necr           0%         3d6       99%         4
 Flame Wave               Conj/Fire      0%         2d4       99%         4
 Fulminant Prism          Conj/Alch      0%         3d5       99%         4
 Iskenderun's Mystic Bla  Conj/Tloc      0%         2d3       99%         4
 Leda's Liquefaction      Alch/Erth      0%         N/A       99%         4
 Manifold Assault         Tloc           0%         N/A       99%         4
 Olgreb's Toxic Radiance  Alch           0%         N/A       99%         4
 Passage of Golubria      Tloc           0%         N/A       99%         4
 Petrify                  Alch/Erth      0%         N/A       99%         4
 Arcjolt                  Conj/Air       0%         1d10      100%        5
 Borgnjor's Vile Clutch   Necr/Erth      0%         N/A       100%        5
 Fireball                 Conj/Fire      0%         3d3       100%        5
 Freezing Cloud           Conj/Ice/Air   0%         6-21      100%        5
 Irradiate                Conj/Alch      0%         3d11      100%        5
 Iskenderun's Battlesphe  Conj           0%         2d6       100%        5
 Metabolic Englaciation   Hex/Ice        0%         N/A       100%        5
 Silence                  Hex/Air        0%         N/A       100%        5
 Yara's Violent Unravell  Hex/Alch       0%         3d3       100%        5
 Bombard                  Conj/Erth      0%         9d1       100%        6
 Conjure Ball Lightning   Conj/Air       0%         3x3d6     100%        6
 Dispersal                Tloc           0%         N/A       100%        6
 Enfeeble                 Hex            0%         N/A       100%        7
 Orb of Destruction       Conj           0%         9d5       100%        7
 Ozocubu's Refrigeration  Ice            0%         4d7       100%        7
 Borgnjor's Revivificati  Necr           0%         N/A       100%        8
 Discord                  Hex            0%         N/A       100%        8
 Disjunction              Tloc           0%         N/A       100%        8
 Ignition                 Fire           0%         3d3       100%        8
 Lehudib's Crystal Spear  Conj/Erth      0%         10d2      100%        8
 Chain Lightning          Conj/Air       0%         N/A       100%        9
 Death's Door             Necr           0%         N/A       100%        9
 Fire Storm               Conj/Fire      0%         5d1       100%        9
 Polar Vortex             Ice            0%         N/A       100%        9
 Shatter                  Erth           0%         3d5*      100%        9
 Summon Small Mammal      Summ           Unusable   N/A       N/A         1
 Call Canine Familiar     Summ           Unusable   N/A       N/A         3
 Summon Guardian Golem    Hex/Summ       Unusable   N/A       N/A         3
 Animate Armour           Summ/Erth      Unusable   N/A       N/A         4
 Animate Dead             Necr           Unusable   N/A       N/A         4
 Summon Lightning Spire   Summ/Air       Unusable   N/A       N/A         4
 Death Channel            Necr           Unusable   N/A       N/A         6
 Simulacrum               Ice/Necr       Unusable   N/A       N/A         6
 Haunt                    Necr/Summ      Unusable   N/A       N/A         7
 Spellforged Servitor     Conj/Summ      Unusable   N/A       N/A         7
 Infestation              Necr           Unusable   N/A       N/A         8

Dungeon Overview and Level Annotations

Branches:
Dungeon (15/15)            Temple (1/1) D:5            Lair (5/5) D:11
 Shoals (4/4) Lair:2       Spider (4/4) Lair:3        Slime (0/5) Lair:4
    Orc (2/2) D:11            Elf (3/3) Orc:2        Vaults (5/5) D:14
  Crypt (3/3) Vaults:3       Tomb (0/3) Crypt:3      Depths (4/4) D:15
    Zot (0/5) Depths:4      Sewer (visited)         Ossuary (visited)
  IceCv (visited)         Desolation (visited)

Altars:
Ashenzari
Cheibriados
Dithmenos
Fedhas
Gozag
Hepliaklqana
Kikubaaqudgha
Makhleb
Nemelex Xobeh
Okawaru
Qazlal
Ru
Sif Muna
Trog
Uskayaw
Vehumet
Wu Jian
Xom
Yredelemnul
Jiyva

Shops:
D:11 [   D:12 ?   D:14 !   D:15 *   Orc:2 ![=*   Elf:1 [(*[=?:   Elf:2 =
Elf:3 (   Vaults:3 [

Portals:
Hell: Depths:1 Depths:2 Depths:3 Depths:4
Abyss: D:14 Depths:2 Depths:3
Pandemonium: Depths:1 Depths:2
Ziggurat: Depths:3

Annotations:
D:11 Orcs maxdanger
D:13 8 runed translucent doors
D:14 2 transporters, Foyclucs's ghost, journeyman DsAr
Lair:1 Blocks from everywhere.
Shoals:1 Roxanne
Shoals:2 3 runed translucent doors, pzskc383's ghost, adept GrFi
Spider:2 Nikola
Elf:2 5 runed translucent doors
Crypt:2 1 runed translucent door, Moevaps's ghost, veteran MiFi


Innate Abilities, Weirdness & Mutations

You have a pair of large horns on your head.
You are completely covered in slimy green scales. (AC +4, rPois)
((A powerful demonic guardian rushes to your aid.))
You are completely covered in sharp spines.
Your magical and physical power is enhanced at high health.
You have supernaturally acute eyesight. (SInv)
You possess an exceptional clarity of mind.
Your body sometimes deteriorates upon taking damage.
You are resistant to electric shocks. (rElec)


Message History

The tengu reaver pecks you but does no damage.
You block the tengu reaver's attack.
You hear an angry hiss.
You hear a shout!
Unknown command.
You thrash the tengu reaver!!
The tengu reaver looks as sick as possible!
The tengu reaver is almost dead.
Unknown command.
Unknown command.
Unknown command.
You closely miss the tengu reaver.
The tengu reaver is almost dead.
You kill the tengu reaver!
Okawaru accepts your kill. The titan barely misses you.
Unknown command.
Unknown command.
The titan waves its arms in wide circles.
The air twists around and strikes you!!!
* * * LOW HITPOINT WARNING * * *
Your body deteriorates!
You feel clumsy.
Things that are here:
a +0 heavy battleaxe; a +2 ring mail of cold resistance Unknown command.
Unknown command.
Unknown command.
As you read the scroll of teleportation, it crumbles to dust.
You feel strangely unstable.
The titan waves its arms in wide circles.
The air twists around and strikes you!
* * * LOW HITPOINT WARNING * * *
A death drake comes into view.
Unknown command.
Unknown command.
You feel better.
The war gargoyle launches metal splinters at you.
The spray of metal splinters hits you but does no damage.
You block the titan's attack. The titan is struck by your spines.
The titan hits you!!
You die...

.......,,,,,,,,,,,,,,,,,,,,,,*
..#####******************,,,,*
..)))##### *####+,,,,,,*
#.###)...### ###....##*,*,,*
#'#.))....)# #!.......*+*,,*
##..)).....## ##........,**,,*
##..........# #?.†......,**,,*
*#..........###.........,**,,*
*#...........#.C@.......,**,,*
*##).........'..C9.....?***,,*
* ###$.....+###'.....?##* *,,*
* ####...#,,.#...#### *,,* *
##+##,φ.##'## *,,* *
****,,,*..$*,..**** *,,* *
***,,,,,,+###+,...,,*** *,,*
***,,,,,,,,,,+,,,...,,,,***,,*
**,,,,,,,,,,,*,,,,,,,,,,,**,,*


You could see 2 titans and a war gargoyle.

Vanquished Creatures
  Frederick (Depths:3)
  A juggernaut (Depths:2)
  Josephina (Depths:2)
  Sojobo (Vaults:2)
  Boris (twice) (Vaults:3 Depths:3)
  A caustic shrike (Depths:4)
  3 golden dragons
  Norris (Elf:1)
  the Enchantress (Depths:3)
  Arachne (Spider:2)
  2 hellephants (Depths:3)
  Jorgrun (Orc:1)
  6 tentacled monstrosities
  Rupert (D:12)
  A walking crystal tome (Depths:3)
  The ghost of Anosyof the Impaler, an adept CeHu of Okawaru (Vaults:4)
  4 liches
  2 quicksilver dragons (Depths:4)
  A titan (Depths:4)
  2 deep elf blademasters (Elf:3)
  7 sphinxes
  3 walking divine tomes (Depths:3)
  A deep elf master archer (Elf:3)
  4 ancient champions
  4 krakens (Shoals:2)
  Agnes (Elf:1)
  2 storm dragons
  Gastronok (Lair:3)
  9 tengu reavers
  Kirke (Spider:2)
  A shadow dragon (Depths:3)
  Aizul (Lair:3)
  2 revenants
  A draconian knight (Depths:4)
  7 fire giants
  12 vault wardens
  9 deep elf sorcerers (Elf:3)
  9 emperor scorpions
  7 frost giants
  2 caustic shrike zombies (Crypt:3)
  3 imperial myrmidons (Desolation)
  5 ghost moths
  The ghost of James the Unseen, an adept VSEn of Uskayaw (Spider:4)
  A juggernaut zombie (Crypt:3)
  2 spectral caustic shrikes (Depths:1)
  A curse skull (Crypt:3)
  7 deep elf elementalists
  A cacodemon (Vaults:4)
  3 ghouls (Crypt:2)
  2 broodmothers
  7 spriggan defenders
  A caustic shrike skeleton (Depths:4)
  20 ironbound preservers
  5 stone giants
  A draconian annihilator (Depths:4)
  19 very ugly things
  5 deep elf death magi
  12 ironbound thunderhulks
  Azrael (D:14)
  19 vampire knights
  A halazid warlock (Desolation)
  5 deep elf demonologists
  20 dire elephants
  4 war gargoyles
  9 spark wasps
  5 deep elf annihilators
  9 merfolk impalers
  Snorg (D:14)
  5 eidola (Crypt:1)
  3 fire dragons
  7 ettins
  2 crystal guardians (Desolation)
  14 jiangshi
  8 merfolk javelineers (Shoals:4)
  9 ragged hierophants (Desolation)
  7 entropy weavers
  11 yaktaur captains
  4 deep elf high priests
  6 great orbs of eyes
  A spriggan zombie (Crypt:3)
  35 vault guards
  7 hydras
  7 servants of whispers (Desolation)
  4 rakshasas
  2 ogre magi
  12 ice dragons
  Harold (D:9)
  A caustic shrike simulacrum (Depths:3)
  A jorogumo (Spider:1)
  20 centaur warriors
  11 spriggan air magi
  A spriggan skeleton (Crypt:3)
  A fenstrider witch zombie (Crypt:3)
  2 juggernaut simulacra
  2 radroaches
  11 ironbound frosthearts
  10 boulder beetles
  13 peacekeepers
  4 two-headed ogres
  14 dancing weapons
  2 catoblepae
  4 merfolk aquamancers
  2 sphinx skeletons (Vaults:3)
  5 merfolk avatars
  5 deep troll shamans
  3 death knights
  14 death yaks
  4 demonic crawlers
  5 hell hogs (Depths:3)
  13 vampire magi
  5 deep troll earth magi
  A two-headed ogre (shapeshifter) (Depths:4)
  3 occultists
  2 titan zombies (Crypt:3)
  11 tengu warriors
  The ghost of Enim the Thaumaturge, a journeyman DjFE of Hepliaklqana (Orc:1)
  Urug (Lair:4)
  10 spriggan berserkers
  2 orc high priests (Orc:2)
  A hell knight (Depths:4)
  2 iron trolls (Depths:3)
  Amaemon (Lair:2)
  3 titan skeletons
  A shadow wraith (Crypt:3)
  40 skeletal warriors
  6 deep elf knights
  6 skysharks
  A goliath frog (shapeshifter) (Depths:2)
  23 sea snakes
  7 pharaoh ants
  A flayed ghost (Depths:4)
  An anaconda zombie (Crypt:1)
  3 spriggan simulacra
  53 slime creatures
  5 orb spiders
  A swamp dragon (shapeshifter) (Vaults:4)
  26 phantasmal warriors
  44 deep trolls
  16 deep elf archers
  3 glowing orange brains
  3 lindwurms
  4 arcanists
  3 swamp dragons (Lair:3)
  A harpy (shapeshifter) (Vaults:4)
  A sun moth (Spider:4)
  A bunyip skeleton (Crypt:3)
  21 ironbound convokers
  12 steelbarb worms
  A steelbarb worm (shapeshifter) (Vaults:4)
  5 harpies
  8 necromancers
  4 orc knights
  A frost giant zombie (Crypt:3)
  25 deep elf pyromancers
  A fire giant zombie (Depths:2)
  40 ugly things
  16 deep elf zephyrmancers
  2 tengu skeletons
  An eleionoma zombie (Crypt:2)
  5 orc sorcerers
  8 cyclopes
  15 manticores
  16 wolf spiders
  A cyclops (shapeshifter) (D:13)
  A shining eye (shapeshifter) (Vaults:5)
  A frost giant skeleton (Crypt:3)
  Maurice (D:9)
  3 moths of wrath
  A meliai (shapeshifter) (D:13)
  6 meliai
  A moth of wrath (shapeshifter) (Vaults:4)
  13 elephants
  4 merfolk sirens
  2 fire giant skeletons (Depths:1)
  5 torpor snails
  2 stone giant skeletons
  10 black mambas
  A molten gargoyle (Desolation)
  An ice statue (IceCv)
  A dire elephant zombie (Crypt:3)
  19 vault sentinels
  A gargoyle (D:13)
  A shock serpent zombie (Crypt:1)
  An orange demon (Lair:2)
  4 guardian serpents (Desolation)
  A centaur skeleton (Crypt:3)
  A shock serpent skeleton (Crypt:1)
  10 water nymphs
  A grey draconian zombie (Crypt:3)
  3 kobold demonologists
  An unseen horror (D:11)
  5 rime drakes
  13 cane toads
  An efreet (D:14)
  21 yaktaurs
  Maggie (Lair:2)
  A minotaur skeleton (Crypt:3)
  8 tengu conjurers
  2 freezing wraiths (Crypt:1)
  Psyche (D:12)
  4 komodo dragons
  A harpy zombie (Crypt:3)
  27 merfolk
  7 trolls
  15 polar bears
  An unseen horror skeleton (Crypt:3)
  3 yaktaur skeletons
  7 hornets
  60 saltlings (Desolation)
  10 wind drakes
  A great orb of eyes zombie (Crypt:2)
  A tengu simulacrum (Depths:1)
  28 tarantellas
  An ettin zombie (Crypt:3)
  2 harpy skeletons
  A tarantella (shapeshifter) (Elf:2)
  A snapping turtle (shapeshifter) (Vaults:4)
  A fire dragon zombie (Crypt:3)
  21 blink frogs
  8 dream sheep
  12 snapping turtles
  A fire giant simulacrum (Depths:3)
  A glass eye (Depths:2)
  12 air elementals
  A centaur simulacrum (Crypt:1)
  29 culicivoras
  30 water elementals
  36 jumping spiders
  A wyvern (shapeshifter) (Vaults:4)
  7 spriggans
  The ghost of Migho the Ruffian, an amateur TrFi of Okawaru (D:4)
  3 ettin skeletons
  2 shadows
  81 yaks
  4 wyverns
  3 humans
  5 basilisks
  4 hogs (Spider:2)
  15 wraiths
  3 wargs
  8 fire elementals
  68 redbacks
  A redback (shapeshifter) (Depths:2)
  A steam dragon (D:6)
  7 vampire mosquitoes
  An acid dragon (shapeshifter) (Vaults:4)
  3 acid dragons
  2 hell hounds (D:14)
  24 water moccasins
  An ogre skeleton (Vaults:3)
  A hydra simulacrum (Crypt:1)
  A demonspawn skeleton (Crypt:2)
  3 black bears
  28 orc warriors
  A glowing shapeshifter skeleton (Depths:2)
  An ice beast (D:7)
  A manticore zombie (Crypt:2)
  3 sky beasts
  11 ogres
  36 wolves
  A tengu (shapeshifter) (Vaults:4)
  7 centaurs
  A weeping skull (Ossuary)
  2 kobold brigands
  19 bullfrogs
  A draconian zombie (Crypt:2)
  A human skeleton (Vaults:3)
  A necrophage (Crypt:2)
  2 gnoll sergeants
  2 earth elementals (Elf:3)
  3 scorpions
  A water moccasin zombie (Ossuary)
  3 wights (D:8)
  7 killer bees
  9 howler monkeys
  5 electric eels
  A troll skeleton (Crypt:1)
  6 centaur zombies
  30 orc priests
  2 bombardier beetles
  4 hounds
  A jelly (D:5)
  2 gnoll boudas
  4 iguanas
  Jessica (D:2)
  A boggart zombie (Crypt:3)
  A sleepcap (D:6)
  A scorpion zombie (Ossuary)
  46 orc wizards
  11 hell rats
  A sickly merfolk siren (Sewer)
  An ogre zombie (Ossuary)
  A brain worm zombie (Crypt:2)
  A deep dwarf skeleton (Crypt:1)
  A boggart simulacrum (D:15)
  14 gnolls
  11 adders
  4 river rats
  A white imp (D:7)
  4 ufetubi
  5 adder zombies (Ossuary)
  An iguana skeleton (Crypt:3)
  A worm (D:5)
  4 dart slugs
  83 orcs
  10 endoplasms
  3 giant cockroaches
  3 gnoll zombies (Ossuary)
  6 goblins
  3 hobgoblins
  4 jackals
  23 kobolds
  5 quokkas
  9 ball pythons
  4 bats
  8 frilled lizards
  5 goblin zombies (Ossuary)
  A hobgoblin zombie (Ossuary)
  5 orc zombies
  A quokka skeleton (Crypt:1)
  A quokka zombie (Crypt:2)
  36 rats
  15 tentacles (Shoals:2)
2309 creatures vanquished.

Vanquished Creatures (collateral kills)
  An orc priest (D:4)
  A ball python (D:4)
  A goblin (D:4)
  A kobold (D:4)
4 creatures vanquished.

Vanquished Creatures (others)
  A vampire mage (Depths:4)
  A pharaoh ant (Spider:2)
  A spark wasp simulacrum (Depths:3)
  An air elemental (Shoals:4)
  An orc warrior (Vaults:5)
  An orc priest (Orc:2)
  An orc wizard (D:13)
  An orc (D:12)
  24 tentacles (Shoals:2)
32 creatures vanquished.

Grand Total: 2345 creatures vanquished

Notes
Turn   | Place    | Note
-------+----------+-------------------------------------------
     0 | D:1      | Amplified the Demonspawn Monk began the quest for the Orb.
     0 | D:1      | Reached XP level 1. HP: 18/18 MP: 1/1
   160 | D:1      | Gained mutation: You are partially covered in sharp spines.
                  | [demonic ancestry]
   160 | D:1      | Reached XP level 2. HP: 24/24 MP: 2/2
   662 | D:1      | Learned a level 1 spell: Apportation
   724 | D:2      | Gained mutation: You have a pair of small horns on your
                  | head. [demonic ancestry]
   724 | D:2      | Reached XP level 3. HP: 26/29 MP: 3/3
   798 | D:2      | Reached skill level 1 in Shields
   996 | D:2      | Noticed Jessica
  1002 | D:2      | Killed Jessica
  1413 | D:2      | Gained mutation: A weak demonic guardian rushes to your
                  | aid. [demonic ancestry]
  1413 | D:2      | Reached XP level 4. HP: 34/37 MP: 4/4
  1643 | D:3      | Reached skill level 1 in Maces & Flails
  1822 | D:3      | Found a faded altar of an unknown god.
  1826 | D:3      | Noticed an ogre
  2252 | D:4      | Reached XP level 5. HP: 42/42 MP: 5/5
  2274 | D:4      | Found a glowing drain.
  2481 | D:4      | Reached XP level 6. HP: 20/49 MP: 2/6
  2548 | Sewer    | Entered a sewer
  3055 | D:4      | Reached skill level 5 in Fighting
  3119 | D:4      | Reached XP level 7. HP: 17/56 MP: 1/7
  3280 | D:4      | Found a runed translucent gate.
  3280 | D:4      | Found a runed translucent gate.
  3281 | D:4      | Found a runed translucent gate.
  3738 | D:4      | Learned a level 1 spell: Sting
  3758 | D:4      | Learned a level 3 spell: Frozen Ramparts
  3765 | D:4      | Noticed Migho's ghost (amateur TrFi)
  3966 | D:5      | Entered Level 5 of the Dungeon
  4076 | D:5      | Found a staircase to the Ecumenical Temple.
  4088 | Temple   | Entered the Ecumenical Temple
  4101 | Temple   | Became a worshipper of Warmaster Okawaru
  4101 | Temple   | Reached * piety under Okawaru
  4101 | Temple   | Reached ** piety under Okawaru
  4144 | D:5      | Reached skill level 1 in Invocations
  4198 | D:5      | Reached skill level 2 in Invocations
  4204 | D:5      | Reached skill level 5 in Shields
  4397 | D:5      | Found a sand-covered staircase.
  4437 | Ossuary  | Entered an ossuary
  4481 | Ossuary  | Reached skill level 3 in Invocations
  4576 | Ossuary  | Gained mutation: You are partially covered in slimy green
                  | scales. (AC +2) [demonic ancestry]
  4576 | Ossuary  | Reached XP level 8. HP: 53/63 MP: 6/10
  4647 | Ossuary  | Reached skill level 4 in Invocations
  4677 | Ossuary  | Noticed a silent spectre
  5323 | D:6      | Reached skill level 5 in Invocations
  5579 | D:6      | Found a sacrificial altar of Ru.
  5664 | D:6      | Reached skill level 6 in Invocations
  5682 | D:6      | Reached skill level 5 in Maces & Flails
  5687 | D:6      | Reached *** piety under Okawaru
  5688 | D:6      | Reached XP level 9. HP: 54/72 MP: 10/13
  5832 | D:6      | Noticed a troll
  6139 | D:7      | Reached skill level 7 in Invocations
  6239 | D:7      | Identified the +1 pair of gloves of the Present {Harm
                  | Rampage}
  6853 | D:8      | Reached skill level 8 in Invocations
  6875 | D:8      | Identified the +1 robe of the Loofah {rC+}
  6922 | D:9      | Noticed Harold
  7119 | D:9      | Killed Harold
  7120 | D:9      | Reached skill level 9 in Invocations
  7120 | D:9      | Reached XP level 10. HP: 74/82 MP: 13/16
  7430 | D:9      | Learned a level 2 spell: Ensorcelled Hibernation
  7529 | D:9      | Noticed Maurice
  7535 | D:9      | Killed Maurice
  7827 | D:9      | Reached skill level 10 in Invocations
  7982 | D:9      | Noticed a two-headed ogre
  7989 | D:9      | Killed a two-headed ogre
  7989 | D:9      | Reached **** piety under Okawaru
  8820 | D:6      | Found an ornate altar of the Wu Jian Council.
  9196 | D:4      | Killed Migho's ghost
  9334 | D:10     | Entered Level 10 of the Dungeon
  9644 | D:10     | Reached skill level 5 in Axes
  9644 | D:10     | Reached XP level 11. HP: 90/90 MP: 16/19
  9650 | D:10     | Reached skill level 10 in Fighting
 10107 | D:11     | Noticed a two-headed ogre
 10117 | D:11     | Killed a two-headed ogre
 10392 | D:11     | Noticed a death yak
 10651 | D:11     | Noticed a death yak
 10651 | D:11     | Noticed a death yak
 10771 | D:11     | Found Fumen's Antique Armour Shoppe.
 10777 | D:11     | Found a staircase to the Orcish Mines.
 10903 | D:11     | You fall into a shaft and drop 2 floors!
 10913 | D:13     | Noticed a green ugly thing
 10984 | D:12     | Reached ***** piety under Okawaru
 11060 | D:12     | Found Isac's Magic Scroll Shoppe.
 11097 | D:12     | Noticed a deep elf pyromancer
 11114 | D:12     | Killed a deep elf pyromancer
 11115 | D:12     | Reached skill level 10 in Maces & Flails
 11147 | D:11     | Noticed a death yak
 11333 | D:12     | Noticed Psyche
 11342 | D:12     | Noticed Rupert
 11398 | Orc:1    | Entered Level 1 of the Orcish Mines
 11418 | Orc:1    | Noticed Jorgrun
 11422 | Orc:1    | Noticed an orc knight
 11541 | D:11     | Found a staircase to the Lair.
 11577 | D:11     | Killed a death yak
 11580 | D:11     | Noticed a death yak
 11693 | D:11     | Killed a death yak
 11694 | D:11     | Gained mutation: You are mostly covered in slimy green
                  | scales. (AC +3) [demonic ancestry]
 11694 | D:11     | Reached XP level 12. HP: 97/99 MP: 18/20
 11708 | D:11     | Killed a death yak
 11709 | D:11     | Reached skill level 10 in Axes
 11719 | D:11     | Killed a death yak
 11737 | D:11     | Killed a death yak
 12028 | D:11     | Bought a glimmering plate armour for 868 gold pieces
 12028 | D:11     | Identified the +0 plate armour "Joyruate" {Int+2} (You
                  | bought it in a shop on level 11 of the Dungeon)
 12074 | Lair:1   | Entered Level 1 of the Lair of Beasts
 12181 | Lair:1   | Received a gift from Okawaru
 12864 | Lair:1   | Received a gift from Okawaru
 13416 | Lair:2   | Noticed Gastronok
 13421 | Lair:2   | Noticed Maggie
 13461 | Lair:2   | Noticed Amaemon
 13924 | Lair:3   | Killed Gastronok
 13954 | Lair:2   | Killed Maggie
 13967 | Lair:2   | Gained mutation: You have a pair of horns on your head.
                  | [demonic ancestry]
 13967 | Lair:2   | Reached XP level 13. HP: 57/107 MP: 13/21
 14159 | Lair:2   | Killed Amaemon
 14374 | Lair:2   | Received a gift from Okawaru
 14640 | Lair:2   | Found a staircase to the Shoals.
 15015 | Lair:3   | Found a transporter.
 15328 | Lair:3   | Found a transporter.
 15623 | Lair:3   | Found a hole to the Spider Nest.
 16279 | Lair:4   | Noticed Urug
 16674 | Lair:5   | Entered Level 5 of the Lair of Beasts
 16979 | Lair:5   | Found a frozen archway.
 17079 | Lair:5   | Received a gift from Okawaru
 17258 | IceCv    | Entered an ice cave
 17461 | IceCv    | Got the Elucidation of the Ground
 17515 | IceCv    | Gained mutation: You are completely covered in slimy green
                  | scales. (AC +4, rPois) [demonic ancestry]
 17515 | IceCv    | Reached XP level 14. HP: 60/118 MP: 11/22
 17862 | IceCv    | Reached skill level 10 in Shields
 19526 | Lair:5   | Identified the +1 ring mail "Forget-Me-Not" {rF+ Dex+2}
 19779 | Lair:4   | Received a gift from Okawaru
 20230 | Lair:4   | Received a gift from Okawaru
 20262 | Lair:4   | Killed Urug
 20360 | Lair:4   | Identified the +3 sling "Jejiatsa" {antimagic, *Slow Will-
                  | rCorr Dex+10}
 20663 | Lair:4   | Found a viscous altar of Jiyva.
 20664 | Lair:4   | Found a staircase to the Slime Pits.
 21097 | D:12     | Killed Psyche
 21250 | D:12     | Gained mutation: A demonic guardian rushes to your aid.
                  | [demonic ancestry]
 21250 | D:12     | Reached XP level 15. HP: 126/127 MP: 19/23
 21355 | Orc:1    | Killed Jorgrun
 21676 | Orc:1    | Noticed Enim's ghost (journeyman DjFE)
 21677 | Orc:1    | Found a runed translucent gate.
 21678 | Orc:1    | Found a runed translucent gate.
 21679 | Orc:1    | Found a runed translucent gate.
 22116 | Lair:3   | Reached skill level 15 in Fighting
 22152 | Lair:3   | Identified the +1 pair of boots of the Salamander {Regen+}
 22390 | Orc:1    | Killed Enim's ghost
 22511 | Orc:2    | Entered Level 2 of the Orcish Mines
 22703 | Orc:2    | Gained mutation: You are partially covered in large bone
                  | plates. (SH +4) [a neqoxec]
 22742 | Orc:2    | Paralysed by an orc sorcerer for 3 turns
 22791 | Orc:2    | Found a staircase to the Elven Halls.
 22838 | Orc:2    | Paralysed by an orc sorcerer for 3 turns
 22940 | Orc:2    | Found Poup's Distillery.
 22940 | Orc:2    | Found Lyostrici's Jewellery Shop.
 22941 | Orc:2    | Found Doufului's Assorted Antiques.
 22946 | Orc:2    | Found Coxzute's Armour Boutique.
 22956 | Orc:2    | Bought a jewelled chain mail for 256 gold pieces
 22956 | Orc:2    | Identified the +2 chain mail of Lujecaehuu {^Contam rC+
                  | Str+8} (You bought it in a shop on level 2 of the Orcish
                  | Mines)
 22956 | Orc:2    | Bought a scroll of enchant weapon for 202 gold pieces
 22976 | Orc:2    | Bought a potion of might for 108 gold pieces
 22978 | Orc:2    | Bought a potion of invisibility for 88 gold pieces
 22978 | Orc:2    | Bought a potion of invisibility for 88 gold pieces
 22978 | Orc:2    | Bought a potion of curing for 33 gold pieces
 22978 | Orc:2    | Bought a potion of curing for 33 gold pieces
 22978 | Orc:2    | Bought a potion of enlightenment for 55 gold pieces
 23636 | Orc:2    | Bought the ring "Cehod" {rN+ Dex+3} for 499 gold pieces
 24085 | D:13     | Found a large runed translucent door.
 24091 | D:13     | Found a large runed translucent door.
 24200 | D:13     | Found a large runed translucent door.
 24201 | D:13     | Noticed a tengu reaver
 24204 | D:13     | Found a large runed translucent door.
 24205 | D:13     | Found a large runed translucent door.
 24394 | D:13     | Identified the ring of Muatok {rF++ Will+}
 24595 | D:13     | Noticed a fire giant
 24596 | D:13     | Found a large runed translucent door.
 24601 | D:13     | Found a large runed translucent door.
 24738 | D:13     | Found a shimmering blue altar of Sif Muna.
 24803 | D:13     | Found a large runed translucent door.
 24890 | D:14     | Found Vayqop's Distillery.
 24898 | D:14     | Bought a potion of curing for 39 gold pieces
 24898 | D:14     | Bought a potion of curing for 39 gold pieces
 24967 | D:14     | Found a transporter.
 24968 | D:14     | Noticed Foyclucs's ghost (journeyman DsAr)
 24971 | D:14     | Found a transporter.
 25023 | D:14     | Reached skill level 15 in Shields
 25234 | D:14     | Found a one-way gate to the infinite horrors of the Abyss.
 25300 | D:14     | Noticed Snorg
 25309 | D:14     | Killed Snorg
 25318 | D:14     | Found a gate to the Vaults.
 25384 | D:14     | Noticed Azrael
 25404 | D:14     | Killed Azrael
 25443 | D:14     | Identified the +2 leather armour of Xom's Righteous Anger
                  | {rPois Int+5 Dex-2}
 25617 | D:15     | Entered Level 15 of the Dungeon
 25643 | D:15     | Reached skill level 1 in Armour
 25643 | D:15     | Gained mutation: You have a pair of large horns on your
                  | head. [demonic ancestry]
 25643 | D:15     | Reached XP level 16. HP: 138/138 MP: 22/24
 25667 | D:15     | Received a gift from Okawaru
 26093 | D:15     | Found Cukekh's Fire Supplies.
 26127 | D:15     | Bought a +0 cloak of fire resistance for 207 gold pieces
 26185 | D:15     | Found a staircase to the Depths.
 26543 | Spider:1 | Entered Level 1 of the Spider Nest
 26592 | Spider:1 | Received a gift from Okawaru
 26593 | Spider:1 | Reached skill level 5 in Armour
 26688 | Spider:1 | Identified the serpent talisman of the Armadillo {Stlth+}
 26688 | Spider:1 | Noticed Aizul
 26735 | Lair:3   | Killed Aizul
 26834 | Spider:1 | Identified the +8 bardiche of Jeli {antimagic, rF- rN++}
 26967 | Spider:1 | Received a gift from Okawaru
 27484 | Spider:2 | Noticed Arachne
 27593 | Spider:2 | Noticed Kirke
 27608 | Spider:2 | Killed Kirke
 27784 | Spider:2 | Received a gift from Okawaru
 27786 | Spider:2 | Noticed Nikola
 28083 | Shoals:1 | Entered Level 1 of the Shoals
 28087 | Shoals:1 | Noticed Roxanne
 28519 | Shoals:1 | Reached XP level 17. HP: 148/148 MP: 25/25
 28567 | Shoals:2 | Noticed a kraken
 28567 | Shoals:2 | Noticed a kraken
 28567 | Shoals:2 | Noticed a kraken
 28567 | Shoals:2 | Noticed a kraken
 28588 | Shoals:1 | Received a gift from Okawaru
 28765 | Shoals:2 | Noticed pzskc383's ghost (adept GrFi)
 28807 | Shoals:2 | Identified the flux talisman of the Lion {Fly rElec Str+5}
 28853 | Shoals:2 | Found a runed translucent gate.
 28854 | Shoals:2 | Found a runed translucent gate.
 28857 | Shoals:2 | Found a runed translucent gate.
 28972 | Shoals:2 | Reached skill level 10 in Armour
 29029 | Shoals:2 | Identified the +9 plate armour of Modesty {rN+}
 29175 | Shoals:2 | Killed a kraken
 29197 | Shoals:2 | Killed a kraken
 29229 | Shoals:2 | Killed a kraken
 29299 | Shoals:2 | Killed a kraken
 29299 | Shoals:2 | Received a gift from Okawaru
 29454 | Shoals:3 | Identified the +2 arbalest of the Philosopher {flame,
                  | Will+}
 29906 | Shoals:4 | Entered Level 4 of the Shoals
 29920 | Shoals:4 | Received a gift from Okawaru
 29933 | Shoals:4 | Paralysed by an air elemental for 1 turns
 30096 | Shoals:4 | Paralysed by an air elemental for 1 turns
 30265 | Shoals:4 | Found a hazy altar of Hepliaklqana.
 30481 | Shoals:4 | Paralysed by an air elemental for 1 turns
 30594 | Shoals:4 | Received a gift from Okawaru
 30621 | Shoals:4 | Paralysed by an air elemental for 1 turns
 30623 | Shoals:4 | Paralysed by an air elemental for 1 turns
 30627 | Shoals:4 | Paralysed by an air elemental for 1 turns
 30759 | Shoals:4 | Paralysed by an air elemental for 1 turns
 30763 | Shoals:4 | Paralysed by an air elemental for 1 turns
 30980 | Shoals:4 | Identified the +1 hand axe "Killer Bee's Curse" {drain,
                  | Int+7}
 31017 | Shoals:4 | Identified the ring "Circhasoy" {AC+4 Int+4}
 31125 | Shoals:4 | Paralysed by an air elemental for 1 turns
 31346 | Shoals:4 | Gained mutation: You are mostly covered in sharp spines.
                  | [demonic ancestry]
 31346 | Shoals:4 | Reached XP level 18. HP: 139/158 MP: 26/26
 31368 | Shoals:4 | Received a gift from Okawaru
 31389 | Shoals:4 | Got a barnacled rune of Zot
 31853 | Spider:2 | Killed Arachne
 32717 | Spider:3 | Reached skill level 11 in Invocations
 32929 | Spider:4 | Entered Level 4 of the Spider Nest
 33419 | Spider:4 | Found a runed translucent gate.
 33419 | Spider:4 | Found a runed translucent gate.
 33419 | Spider:4 | Noticed James's ghost (adept VSEn)
 33422 | Spider:4 | Found a runed translucent gate.
 33434 | Spider:4 | Killed James's ghost
 33437 | Spider:4 | Identified the ring of Sif Muna, Crafting {rPois rN+ Dex+3
                  | SInv}
 33574 | Spider:4 | Reached skill level 12 in Invocations
 33683 | Spider:4 | Reached ****** piety under Okawaru
 33797 | Spider:4 | Reached skill level 5 in Dodging
 33797 | Spider:4 | Acquired a +2 broad axe of freezing
 33797 | Spider:4 | Received a gift from Okawaru
 33799 | Spider:4 | Acquired the +2 pair of boots of the Barracuda {Dex+4}
 33799 | Spider:4 | Received a gift from Okawaru
 33906 | Spider:4 | Received a gift from Okawaru
 34200 | Spider:4 | Got a gossamer rune of Zot
 34725 | Vaults:1 | Entered Level 1 of the Vaults
 35029 | Vaults:1 | Received a gift from Okawaru
 35305 | Vaults:1 | Reached skill level 13 in Invocations
 35369 | Vaults:1 | Gained mutation: Your magical and physical power is
                  | slightly enhanced at high health. [demonic ancestry]
 35369 | Vaults:1 | Reached XP level 19. HP: 154/167 MP: 28/28
 36130 | Vaults:1 | You fall into a shaft and drop 1 floor!
 36189 | Vaults:2 | Received a gift from Okawaru
 36411 | Vaults:3 | Found Ixootzapp's Armour Boutique.
 36419 | Vaults:3 | Bought a +1 pair of gloves of strength for 280 gold pieces
 36504 | Vaults:3 | Reached skill level 14 in Invocations
 36647 | Vaults:3 | Reached skill level 15 in Armour
 36746 | Vaults:3 | Upgraded the game from 0.31-a0-1395-g7c67ea8c80 to
                  | 0.31-a0-1412-g7b7c7d10e1
 36843 | Vaults:3 | Received a gift from Okawaru
 36963 | Vaults:3 | Found a staircase to the Crypt.
 36970 | Crypt:1  | Entered Level 1 of the Crypt
 36999 | Crypt:1  | Gained mutation: You sometimes lose your temper in combat.
                  | [mutagenic glow]
 37014 | Crypt:1  | Gained mutation: Your movements are slightly less
                  | encumbered by armour. (ER -2) [mutagenic glow]
 37180 | Crypt:1  | Reached skill level 15 in Invocations
 37523 | Vaults:3 | Received a gift from Okawaru
 37914 | Crypt:3  | Entered Level 3 of the Crypt
 37924 | Crypt:3  | Gained mutation: A powerful demonic guardian rushes to your
                  | aid. [demonic ancestry]
 37924 | Crypt:3  | Reached XP level 20. HP: 176/176 MP: 31/31
 38177 | Crypt:3  | Received a gift from Okawaru
 38204 | Crypt:3  | Found a basalt altar of Yredelemnul.
 38247 | Crypt:3  | Reached skill level 16 in Invocations
 38366 | Crypt:3  | Paralysed by a vampire knight for 5 turns
 38397 | Crypt:3  | Paralysed by a vampire knight for 3 turns
 38420 | Crypt:3  | Identified the ring "Isug" {rN+ Will++}
 38457 | Crypt:3  | Paralysed by a vampire knight for 3 turns
 38474 | Crypt:3  | Identified the ring of Vulo {rPois rN+ Int+3}
 38478 | Crypt:3  | Received a gift from Okawaru
 38479 | Crypt:3  | Paralysed by something for 5 turns
 38522 | Crypt:3  | Identified the +0 ring mail of Ifoschypn {rC- Will+ Dex+4}
 38523 | Crypt:3  | Identified the ring "Xiseotur" {Fly rN+ SInv}
 38534 | Crypt:3  | Got an ivory gem with 516 turns to spare
 38695 | Crypt:3  | Found a staircase to the Tomb.
 38886 | Crypt:3  | Reached skill level 10 in Dodging
 39129 | Crypt:3  | Lost the ivory gem through the power of Zot.Gained a life
                  | (10 lives remaining)
 39161 | Crypt:3  | Reached skill level 17 in Invocations
 39196 | Crypt:3  | Found the +8 demon blade "Leech" {evervamp, Harm ^Drain
                  | rN+}
 39329 | Crypt:2  | Received a gift from Okawaru
 39562 | Crypt:2  | Found a runed translucent door.
 39596 | Crypt:2  | Found a shimmering altar of Xom.
 39596 | Crypt:2  | Noticed Moevaps's ghost (veteran MiFi)
 39597 | Crypt:2  | Identified the +8 lajatang of the Blushing Boar {chaos,
                  | rElec rC++}
 40818 | Vaults:3 | Noticed Boris
 40841 | Vaults:3 | Killed Boris
 40842 | Vaults:3 | Gained mutation: You are completely covered in sharp
                  | spines. [demonic ancestry]
 40842 | Vaults:3 | Reached XP level 21. HP: 183/183 MP: 33/33
 40847 | Vaults:3 | Received a gift from Okawaru
 41248 | Vaults:3 | Reached skill level 18 in Invocations
 41904 | Vaults:4 | Received a gift from Okawaru
 42682 | Vaults:4 | Received a gift from Okawaru
 42790 | Vaults:4 | Found a runed translucent gate.
 42790 | Vaults:4 | Found a runed translucent gate.
 42845 | Vaults:4 | Found a runed translucent gate.
 42928 | Vaults:4 | Found a runed translucent gate.
 42928 | Vaults:4 | Found a runed translucent gate.
 42940 | Vaults:4 | Found a runed translucent gate.
 42946 | Vaults:4 | Noticed Anosyof's ghost (adept CeHu)
 42965 | Vaults:4 | Reached skill level 19 in Invocations
 42965 | Vaults:4 | Reached XP level 22. HP: 192/192 MP: 35/35
 42985 | Vaults:4 | Gained mutation: You have an uncontrollable temper. [a
                  | cacodemon]
 43034 | Vaults:4 | Killed Anosyof's ghost
 43060 | Vaults:4 | Identified the +1 pair of boots "Jatomm" {Dex+3}
 43074 | Vaults:4 | Gained mutation: You are dopey. (Int -2) [mutagenic glow]
 43088 | Vaults:4 | Gained mutation: Your body sometimes deteriorates upon
                  | taking damage. [mutagenic glow]
 43110 | Vaults:4 | Gained mutation: You are clumsy. (Dex -2) [mutagenic glow]
 43139 | Vaults:4 | Received a gift from Okawaru
 43141 | Vaults:4 | Gained mutation: You are weak. (Str -2) [mutagenic glow]
 43304 | Vaults:2 | Lost mutation: Your movements are slightly less encumbered
                  | by armour. (ER -2) [potion of mutation]
 43304 | Vaults:2 | Lost mutation: You have an uncontrollable temper. [potion
                  | of mutation]
 43304 | Vaults:2 | Lost mutation: You are partially covered in large bone
                  | plates. (SH +4) [potion of mutation]
 43304 | Vaults:2 | Gained mutation: Your body often deteriorates upon taking
                  | damage. [potion of mutation]
 43305 | Vaults:2 | Lost mutation: Your body often deteriorates upon taking
                  | damage. [potion of mutation]
 43305 | Vaults:2 | Lost mutation: You are weak. (Str -2) [potion of mutation]
 43305 | Vaults:2 | Lost mutation: You sometimes lose your temper in combat.
                  | [potion of mutation]
 43305 | Vaults:2 | Gained mutation: You have hidden genetic potential. [potion
                  | of mutation]
 43305 | Vaults:2 | Gained mutation: You have large cloven feet. [potion of
                  | mutation]
 43937 | Vaults:2 | Reached XP level 23. HP: 199/199 MP: 36/36
 43949 | Vaults:2 | Received a gift from Okawaru
 44014 | Vaults:2 | Noticed Sojobo
 44036 | Vaults:2 | Killed Sojobo
 44321 | Vaults:2 | Reached skill level 20 in Invocations
 44683 | Depths:1 | Entered Level 1 of the Depths
 44907 | Depths:1 | Found a gateway to Hell.
 44933 | Depths:1 | Found a one-way gate leading to the halls of Pandemonium.
 44950 | Depths:1 | Found a shadowy altar of Dithmenos.
 45661 | Depths:2 | Found a blossoming altar of Fedhas.
 45819 | Depths:2 | Received a gift from Okawaru
 45981 | Depths:2 | Noticed a juggernaut
 45998 | Depths:2 | Killed a juggernaut
 46106 | Depths:2 | Gained mutation: You are very clumsy. (Dex -4) [a shining
                  | eye]
 46110 | Depths:2 | Gained mutation: You are frail. (-10% HP) [a shining eye]
 46115 | Depths:2 | Lost mutation: You are dopey. (Int -2) [potion of mutation]
 46115 | Depths:2 | Lost mutation: You have hidden genetic potential. [potion
                  | of mutation]
 46115 | Depths:2 | Lost mutation: You are frail. (-10% HP) [potion of
                  | mutation]
 46115 | Depths:2 | Lost mutation: You have large cloven feet. [potion of
                  | mutation]
 46115 | Depths:2 | Gained mutation: Armour fits poorly on your strangely
                  | shaped body. [potion of mutation]
 46115 | Depths:2 | Gained mutation: You are resistant to electric shocks.
                  | (rElec) [potion of mutation]
 46116 | Depths:2 | Lost mutation: Armour fits poorly on your strangely shaped
                  | body. [potion of mutation]
 46116 | Depths:2 | Lost mutation: You are very clumsy. (Dex -4) [potion of
                  | mutation]
 46116 | Depths:2 | Gained mutation: You have supernaturally acute eyesight.
                  | (SInv) [potion of mutation]
 46116 | Depths:2 | Lost mutation: You are clumsy. (Dex -2) [potion of
                  | mutation]
 46116 | Depths:2 | Gained mutation: You possess an exceptional clarity of
                  | mind. [potion of mutation]
 46224 | Depths:3 | Identified the ring of Optimism {Ice Dex+5}
 46224 | Depths:3 | Noticed Josephina
 46234 | Depths:2 | HP: 2/195 [Josephina/staff of cold (23)]
 46363 | D:12     | Killed Rupert
 46456 | Elf:1    | Entered Level 1 of the Elven Halls
 46464 | Elf:1    | Reached skill level 1 in Throwing
 46488 | Elf:1    | Noticed Agnes
 46497 | Elf:1    | Killed Agnes
 46548 | Elf:1    | Found an ancient bone altar of Kikubaaqudgha.
 46588 | Elf:1    | Reached skill level 21 in Invocations
 46602 | Elf:1    | Found Ecionnoo's Weapon Boutique.
 46620 | Elf:1    | Found Sarys's Antique Armour Shop.
 46644 | Elf:1    | Found Suumpem's General Store.
 46648 | Elf:1    | Bought a scroll of enchant weapon for 120 gold pieces
 46761 | Elf:1    | Found Imadi's Armour Shoppe.
 46799 | Elf:1    | Found Billuch's Book Shop.
 46800 | Elf:1    | Found Tinodwef's Magic Scroll Boutique.
 46815 | Elf:1    | Found Dyfuysy's Jewellery Shop.
 46834 | Elf:1    | Bought a scroll of fear for 60 gold pieces
 46834 | Elf:1    | Bought a scroll of teleportation for 45 gold pieces
 46834 | Elf:1    | Bought a scroll of fear for 60 gold pieces
 46834 | Elf:1    | Bought a scroll of enchant weapon for 112 gold pieces
 46834 | Elf:1    | Bought a scroll of poison for 60 gold pieces
 46861 | Elf:1    | Found a crumbling gateway.
 46861 | Elf:1    | Noticed Norris
 46890 | Elf:1    | Killed Norris
 46920 | Desolati | Entered the Desolation of Salt
 46991 | Desolati | Identified the +8 falchion "Lolybr Neni" {elec, rPois rF-
                  | SInv}
 47003 | Desolati | Identified the amulet of Syndicalism {Acrobat rC+ Will+
                  | Str+2}
 47046 | Desolati | Received a gift from Okawaru
 47188 | Desolati | Reached skill level 5 in Throwing
 47225 | Desolati | Identified the +8 long sword of Attainder {holy, Int+2}
 47253 | Desolati | Got the Octavo of Abhorrent Rites and Vapour
 47255 | Desolati | Got the Tome of Enchanting Esoterica
 47324 | Desolati | Identified the +1 mace of Breach {venom, Will+ MP+9}
 47341 | Desolati | Reached skill level 22 in Invocations
 47564 | Desolati | Gained mutation: Your magical and physical power is
                  | enhanced at high health. [demonic ancestry]
 47564 | Desolati | Reached XP level 24. HP: 208/208 MP: 38/38
 48139 | Elf:2    | Found Otaor's Jewellery Shop.
 48213 | Elf:2    | Bought the amulet of the Four Winds {rN+ Will+++ Clar} for
                  | 849 gold pieces
 48213 | Elf:2    | Found the amulet of the Four Winds {rN+ Will+++ Clar}
 48467 | Elf:2    | Found a portal to a secret trove of treasure.
 48497 | Elf:2    | You paid a toll of a +8 demon blade to enter a treasure
                  | trove
 48498 | Trove    | Entered a treasure trove
 48505 | Trove    | Identified the +1 cloak of the Kangaroo {Str-4 Dex+2
                  | Stlth+}
 48518 | Trove    | Identified the +0 helmet of Hadjma {Rampage rC+}
 48569 | Trove    | Identified the -1 pair of gloves "Cuigae" {Rampage rPois
                  | Str+3}
 48634 | Elf:2    | Found a huge runed translucent gate.
 48634 | Elf:2    | Found a huge runed translucent gate.
 48634 | Elf:2    | Found a huge runed translucent gate.
 48635 | Elf:2    | Found a huge runed translucent gate.
 48638 | Elf:2    | Found a huge runed translucent gate.
 48857 | Elf:3    | Entered Level 3 of the Elven Halls
 48950 | Elf:3    | Received a gift from Okawaru
 49162 | Elf:3    | Paralysed by an air elemental for 1 turns
 49256 | Elf:3    | Reached skill level 23 in Invocations
 49296 | Elf:3    | Found Xureph's Weapon Shoppe.
 49839 | Elf:3    | Identified the +8 war axe of Ugabin {venom, rF- rC++ SInv
                  | Stlth+}
 49839 | Elf:3    | Identified the ring "Qiroin Noaph" {Fire rN+ Will+ Str-5
                  | Dex+8}
 49863 | Elf:3    | Identified the +0 robe of Bedevilment {rF- Int+6}
 50006 | Elf:3    | Identified the +0 cloak of Cudaircha {rCorr Str+2}
 50009 | Elf:3    | Got the Writings on Weather and the Jaunt
 50013 | Elf:3    | Got the Discursus on Frigorific Fumes
 50123 | Elf:3    | Identified the +3 quarterstaff of Wyrd {flame, rCorr Int-5
                  | Stlth+}
 50130 | Elf:3    | Got the Compendium of Forces
 50131 | Elf:3    | Identified the staff of the Two Names {Dex+5 Conj Earth}
 50137 | Elf:3    | Identified the +5 great sword of the Manifold Nights
                  | {chaos, rPois}
 50462 | Depths:2 | Killed Josephina
 50462 | Depths:2 | Received a gift from Okawaru
 50660 | Depths:3 | Noticed Boris
 50680 | Depths:3 | Killed Boris
 50918 | Depths:3 | Reached skill level 24 in Invocations
 50955 | Depths:3 | Found a one-way gateway to a ziggurat.
 51029 | Depths:3 | Noticed the Enchantress
 51060 | Depths:3 | Killed the Enchantress
 51089 | Depths:3 | Reached skill level 10 in Throwing
 51255 | Depths:3 | Identified the orb "Ulodick" {*channel, -Tele rPois rCorr
                  | Int+2}
 51255 | Depths:3 | Noticed Frederick
 51299 | Depths:3 | Killed Frederick
 51389 | Depths:3 | Identified the +1 robe "Wuotwur" {Harm}
 51526 | Depths:3 | Identified the +7 orcbow of Dosmutit {heavy, ^Fragile rC-
                  | Will+++ MP+9}
 52289 | Depths:4 | Entered Level 4 of the Depths
 52528 | Depths:4 | Reached XP level 25. HP: 182/214 MP: 39/39
 53117 | Depths:4 | Received a gift from Okawaru
 53128 | Depths:4 | Reached skill level 15 in Dodging
 53135 | Depths:4 | Found a gate to the Realm of Zot.
 53431 | Depths:4 | Identified the +0 scale mail of the Giraffatuar {rN+ Str+3}
 53545 | Depths:4 | Identified the amulet of the Jester {RegenMP Will+}
 54146 | Vaults:5 | Entered Level 5 of the Vaults
 54292 | Vaults:5 | Slain by a titan

Illustrated notes

Levels and vault maps discovered:
D:1:      nzn_arrival_crosshair, layout_loops_ring, nrook_campfire, minivault_25
D:2:      minmay_general_purpose_star, layout_loops_ring, serial_bayou_pond_b,
          uniq_jessica
D:3:      layout_basic, nicolae_ecumenical_oubliette
D:4:      layout_cave_pods, cheibrodos_sewer_entry_sluice,
          gammafunk_ghost_split, hangedman_decor_growths
D:5:      layout_loops_corners, temple_green,
          nicolae_ossuary_entry_false_entrances
D:6:      layout_basic, nicolae_ru_awakened_eye, jmf_multi_god_temple2,
          minmay_manual_mail
D:7:      layout_loops_ring
D:8:      layout_rooms
D:9:      layout_roguey, uniq_harold, uniq_maurice
D:10:     layout_gridville
D:11:     layout_small_grid, dpeg_lair_monsters, orc_0_dummy, special_room
          [special_room_orc], serial_shops, nicolae_shop_behind_doors
D:12:     layout_long_grid, serial_shops, nicolae_shop_stone, uniq_psyche,
          uniq_rupert
D:13:     minmay_five_octagons, layout_irregular_city, led_sif_book
D:14:     layout_long_grid, hellmonk_vaults_keyhole, minmay_misc_feat_tiny,
          gammafunk_ghost_abyssal_escape, serial_shops, shop, uniq_snorg,
          uniq_azrael
D:15:     grunt_enter_depths_hoard, layout_cave_pools, nicolae_shop_fire_sale
          [nicolae_sub_dead_trees], st_stairs_11
Temple:   nicolae_temple_bog_church
Lair:1:   layout_roguey, nicolae_lair_run_with_the_wolves,
          infiniplex_staircase_pool_2
Lair:2:   layout_misc_corridors, minmay_shoals_entry_hut, serial_bayou_shore_b,
          uniq_amaemon, uniq_maggie, uniq_gastronok
Lair:3:   gammafunk_cloud_chamber, layout_concentric_octagons,
          nicolae_spider_entry_tight_spaces
Lair:4:   layout_long_grid, dpeg_slime_entry_corner, nicolae_lair_grazing_beasts
          [nicolae_sub_lair_graze_edge, nicolae_sub_lair_graze_edge,
          nicolae_sub_lair_graze_edge, nicolae_sub_lair_graze_edge],
          grunt_megastairs_1, lemuel_fruit_fields, uniq_urug
Lair:5:   grunt_lair_end_beastmaster, layout_long_grid,
          portal_ice_cave_entry_pillars_1
Shoals:1: layout_shoals, uniq_roxanne
Shoals:2: layout_shoals, gammafunk_ghost_split, nicolae_shoals_kraken_party
Shoals:3: layout_shoals
Shoals:4: shoals_end_hellmonk_storm_palace [storm_palace_center_circular,
          storm_palace_corner_altar, storm_palace_corner_pillars,
          storm_palace_corner_pillars, storm_palace_corner_pillars]
Spider:1: layout_spider_delve, hangedman_spider_mandibles, drop_trap,
          nicolae_spider_bzzzt, uniq_aizul
Spider:2: layout_chambers, uniq_kirke, uniq_arachne, uniq_nikola
Spider:3: layout_spider_delve, nicolae_spider_claw_tunnel
Spider:4: grunt_spider_rune_circles, ebering_ghost_rock_garden
Orc:1:    layout_diamond_mine, gammafunk_ghost_split, uniq_jorgrun
Orc:2:    st_orc_mages, layout_diamond_mine, nicolae_orc_lost_temple
Elf:1:    eino_elf_arrival_the_gate, layout_geoelf_grid, basic_altar,
          portal_desolation_entry_twin_temple, serial_shops, shop,
          nicolae_shop_pleasant_corner_grove, shop, shop_fountains,
          minmay_elf_demonology, grunt_ministairs_5, nicolae_wooded_promenade,
          uniq_norris, uniq_agnes
Elf:2:    elven_hall_of_blades_hangedman_alternative
          [nicolae_blade_entry_hurt_lockers], layout_rooms, serial_corexii_hall,
          chequers_hall_statues_corner_a, chequers_hall_statues_wall_a,
          enter_trove_6, serial_shops, shop
Elf:3:    minmay_elf_hall_spiked, layout_geoelf_octagon, serial_shops, shop,
          grunt_megastairs_3
Vaults:1: serial_library_regret_index_small_wings, vaults_room_large_hall,
          ontoclasm_vaults_idyll, vaults_mumra_hexcomb,
          nicolae_vaults_three_branches, nicolae_vaults_storage_room_glass,
          nicolae_vaults_rhombus_5, nicolae_vaults_shelves_hall,
          layout_vaults_omnigrid
Vaults:2: nicolae_vaults_closet_pinwheel_4, nicolae_vaults_big_ls,
          grunt_vaults_diagonal, v_pattern_5, nicolae_vaults_two_Ls,
          vaults_room_door_hall, v_misc_19, nicolae_vaults_trapezoid_3,
          grunt_vaults_hallway_long, nicolae_vaults_surprise_closet, v_misc_17,
          nicolae_vaults_six-pack, nicolae_vaults_little_guard_posts,
          nicolae_vaults_theta, layout_vaults_omnicross, uniq_sojobo
Vaults:3: nicolae_vaults_ellipses_ellipsis, minmay_crypt_entry_skeletal_spiral,
          v_misc_14, hangedman_vaults_hard_town_square,
          vaults_mumra_minichess_inversion, nicolae_vaults_house_1,
          nicolae_vaults_sesquioval_fish, v_rooms_3, v_misc_32,
          nicolae_vaults_closet_pinwheel_5, ontoclasm_vaults_ligature,
          layout_vaults_ring, serial_shops, nicolae_diamond_shop, uniq_boris
Vaults:4: ploomutoo_gammafunk_ghost_potion_laboratory,
          nicolae_vaults_disappearing_quadrants, vaults_room_pools,
          nicolae_vaults_wine_cellar, ontoclasm_vaults_hangar, v_alt_pattern_1,
          nicolae_vaults_storage_closets_1, nicolae_vaults_network_periphery,
          vaults_room_octagon, v_misc_24, nicolae_vaults_theta,
          nicolae_vaults_trapezoid_layered, v_misc_25, nicolae_vaults_heist,
          layout_vaults_omnibox
Vaults:5
Crypt:1:  layout_gridlike, chequers_big_river, minivault_27
Crypt:2:  layout_basic, ebering_ghost_xom
Crypt:3:  church_of_pain_bobbens, layout_chaotic_city,
          nicolae_tomb_entry_rubble_hallway
Depths:1: layout_cave_pools, pan_entry, minmay_strange_pillars,
          pf_hell_entry_tar_river, grunt_ministairs_12, minivault_14,
          st_stairs_5, nicolae_dithmenos_shadow_blocks, serial_bayou_shore_b
Depths:2: minmay_open_boxes_in_corner, layout_cave_shapes, hell_entry,
          minmay_splitting_lines, pan_entry, hangedman_abyss_entry_splay,
          fedhas_altar_4
Depths:3: minmay_dotted_concentric_squares, layout_gridville, enter_ziggurat_b,
          grunt_hell_horde, abyss_entry, grunt_decor_fettered,
          nrook_loot_triangle, uniq_frederick, uniq_enchantress, uniq_josephina
Depths:4: hangedman_pleasuredromes, hell_entry

Skill      XL: |  1  2  3  4  5  6  7  8  9 10 11 12 13 14 15 16 17 18 19 20 21 22 23 24 25 |
---------------+----------------------------------------------------------------------------+-----
Axes           | 3 5 9 12 | 12.7
Shields        | 1 2 3 5 9 12 15 | 15.2
Maces & Flails | 1 2 3 5 6 8 10 11 12 | 12.0
Fighting       | 4 5 7 8 9 10 11 13 14 16 17 18 19 20 21 | 21.1
Invocations    | 3 6 9 10 13 15 17 19 22 24 | 24.1
Armour         | 1 9 12 14 15 16 17 18 19 20 | 20.0
Dodging        | 6 8 10 12 13 14 15 | 15.6
Throwing       | 6 10 12 | 12.5

Action                     |  1- 3 |  4- 6 |  7- 9 | 10-12 | 13-15 | 16-18 | 19-21 | 22-24 | 25-27 || total
---------------------------+-------+-------+-------+-------+-------+-------+-------+-------+-------++-------
  Melee: Hand axe          |    55 |       |       |       |       |       |       |       |       ||    55
         Morningstar       |     9 |   173 |   332 |   646 |    20 |       |       |       |       ||  1180
         Headbutt          |     2 |    30 |    64 |   164 |   536 |   590 |   698 |   649 |   173 ||  2906
         Demon whip        |       |       |       |       |  1793 |  1924 |  1857 |  1778 |   443 ||  7795
  Throw: Throwing net      |       |       |     1 |     2 |     2 |       |       |       |       ||     5
         Dart              |       |       |       |       |     1 |     1 |       |     1 |       ||     3
 Invoke: Heroism           |       |       |    12 |    25 |    41 |    18 |    19 |    22 |     4 ||   141
         Finesse           |       |       |       |     2 |     5 |     2 |     3 |     7 |     2 ||    21
         Receive Weapon    |       |       |       |       |       |     1 |       |       |       ||     1
         Receive Armour    |       |       |       |       |       |     1 |       |       |       ||     1
  Evoke: Wand              |       |       |     1 |    14 |     3 |     4 |       |     1 |       ||    23
         Tin of tremorston |       |       |       |       |       |     1 |     1 |       |       ||     2
    Use: Scroll            |     4 |     4 |     7 |    17 |     7 |    16 |     8 |     7 |     7 ||    77
         Potion            |       |     5 |     4 |     5 |     9 |    15 |     6 |    13 |     6 ||    63
   Stab: Sleeping          |     2 |       |     2 |       |     1 |       |       |     1 |       ||     6
         Held in net/web   |       |       |     1 |       |     3 |       |       |       |       ||     4
         Petrified         |       |       |       |       |    46 |       |       |       |       ||    46
         Petrifying        |       |       |       |       |     4 |       |       |       |       ||     4
         Invisible         |       |       |       |       |     5 |    12 |     3 |    11 |     9 ||    40
 Armour: Robe              |    28 |     7 |       |       |       |       |       |       |       ||    35
         Skin              |       |    21 |       |       |     9 |       |     1 |       |       ||    31
         Ring mail         |       |    76 |   171 |       |       |       |       |       |       ||   247
         Steam dragon scal |       |       |    57 |   423 |   312 |       |       |       |       ||   792
         Chain mail        |       |       |       |       |   497 |   791 |   145 |       |       ||  1433
         Plate armour      |       |       |       |       |       |       |   519 |   586 |       ||  1105
         Acid dragon scale |       |       |       |       |       |       |       |    87 |   200 ||   287
  Dodge: Dodged            |    32 |    54 |   208 |   340 |   475 |   287 |   272 |   469 |   182 ||  2319
  Block: Buckler           |    14 |    41 |   115 |   170 |   564 |    88 |       |       |       ||   992
         Reflection        |       |       |       |       |    10 |    57 |    18 |    48 |       ||   133
         Kite shield       |       |       |       |       |       |  1520 |  1279 |  1019 |   237 ||  4055
         Other             |       |       |       |       |       |     1 |       |       |       ||     1

Table legend: (Time is in decaauts)
 A = Elapsed time spent in this place.
 B = Non-inter-level travel time spent in this place.
 C = Inter-level travel time spent in this place.
 D = Time resting spent in this place.
 E = Time spent auto-exploring this place.
 F = Levels seen in this place.
 G = Mean time per level.
                   A        B        C        D        E       F      G
               +--------+--------+--------+--------+--------+-----+--------+
         Total |  51137 |  46737 |   4400 |   3119 |  27165 |  51 | 1002.7 |
       Dungeon |  14675 |  13113 |   1562 |    706 |   8470 |  15 |  978.3 |
        Temple |     26 |     26 |      0 |      0 |      0 |   1 |   26.0 |
          Lair |   7871 |   6782 |   1089 |    908 |   4114 |   5 | 1574.2 |
        Shoals |   3302 |   3055 |    247 |    363 |    841 |   4 |  825.5 |
   Spider Nest |   3780 |   3557 |    223 |     68 |   2264 |   4 |  945.0 |
  Orcish Mines |   2011 |   1777 |    234 |     56 |   1272 |   2 | 1005.5 |
   Elven Halls |   2680 |   2485 |    195 |     19 |   1640 |   3 |  893.3 |
        Vaults |   6086 |   5605 |    481 |    225 |   3558 |   5 | 1217.2 |
         Crypt |   3280 |   3094 |    186 |     22 |   1314 |   3 | 1093.3 |
        Depths |   4530 |   4351 |    179 |    254 |   2974 |   4 | 1132.5 |
         Trove |     85 |     85 |      0 |      0 |     17 |   1 |   85.0 |
         Sewer |    547 |    547 |      0 |    147 |     56 |   1 |  547.0 |
       Ossuary |    303 |    303 |      0 |     51 |      0 |   1 |  303.0 |
      Ice Cave |   1254 |   1254 |      0 |    298 |    309 |   1 | 1254.0 |
    Desolation |    700 |    700 |      0 |      0 |    334 |   1 |  700.0 |
               +--------+--------+--------+--------+--------+-----+--------+

Top non-repeatable levels by time:
  Lair:3: 2096 daAuts
  Lair:1: 2084 daAuts
    D:11: 1884 daAuts
Vaults:3: 1720 daAuts
Depths:3: 1614 daAuts
Vaults:1: 1603 daAuts
  Lair:5: 1523 daAuts
Vaults:4: 1489 daAuts
Shoals:4: 1443 daAuts
     D:6: 1369 daAuts
Spider:4: 1314 daAuts
Depths:4: 1294 daAuts
   IceCv: 1254 daAuts
 Crypt:2: 1225 daAuts
   Elf:3: 1224 daAuts
